 Dungeon Crawl Stone Soup version 0.26-a0-670-g578ab304f5 (webtiles) character file.

Game seed: 13953865299006278249

93 Notrik the Skirmisher (level 4, -6/45 HPs)
             Began as a Minotaur Berserker on Oct 19, 2020.
             Was a Believer of Trog.
             Mangled by a gnoll (7 damage)
             ... on level 2 of the Dungeon.
             The game lasted 00:01:27 (1002 turns).

Notrik the Skirmisher (Minotaur Berserker)          Turns: 1002, Time: 00:01:28

Health: -6/45      AC:  3    Str: 22    XL:     4   Next: 37%
Magic:  3/3        EV: 12    Int:  4    God:    Trog [**....]
Gold:   96         SH:  0    Dex: 10    Spells: 3/3 levels left

rFire    . . .     SeeInvis .   a - +0 hand axe
rCold    . . .     Faith    .   (no shield)
rNeg     . . .     Spirit   .   b - +0 animal skin
rPois    .         Reflect  .   (helmet restricted)
rElec    .         Harm     .   (no cloak)
rCorr    .         Rampage  .   f - +0 pair of gloves
MR       .....                  (no boots)
Stlth    +.........             (no amulet)
HPRegen  0.15/turn              (no ring)
MPRegen  0.08/turn              (no ring)

@: lightly drained
A: retaliatory headbutt, horns 2
a: Berserk, Trog's Hand, Renounce Religion


You were on level 2 of the Dungeon.
You worshipped Trog.
Trog was pleased with you.
You visited 1 branch of the dungeon, and saw 2 of its levels.

You collected 96 gold pieces.

Inventory:

Hand Weapons
 a - a +0 hand axe (weapon)
Armour
 b - a +0 animal skin (worn)
 f - a +0 pair of gloves (worn)
   (You found it on level 1 of the Dungeon)
Scrolls
 d - 2 scrolls of remove curse {unknown}
 e - 2 scrolls of identify {unknown}
 g - a scroll of magic mapping {unknown}
 i - a scroll of immolation {unknown}
Potions
 c - 2 potions of heal wounds {unknown}
 h - a potion of stabbing {unknown}
 j - a potion of mutation {unknown}


   Skills:
 * Level 6.3(5.8) Fighting
 - Level 3.6(3.1) Axes
 - Level 2.4(1.9) Armour
 - Level 2.1(1.7) Dodging


You had 3 spell levels left.
You didn't know any spells.
Your spell library was empty.

Dungeon Overview and Level Annotations

Branches:
Dungeon (2/15)

Altars:


Innate Abilities, Weirdness & Mutations

You reflexively headbutt those who attack you in melee.
You have a pair of horns on your head.


Message History

No target in view!
No target in view!
No target in view!
No target in view!
No target in view!
No target in view!
No target in view!
No target in view!
You now have 79 gold pieces (gained 11).
Things that are here:
a +0 short sword; a kobold corpse
Things that are here:
an adder corpse; a rat corpse; a howler monkey corpse You now have 86 gold pieces (gained 7).
There is a stone staircase leading down here.
j - a smoky silvery potion You now have 96 gold pieces (gained 10).
A gnoll comes into view. It is wielding a +0 spear.
The gnoll shouts!
You hear a shout! x2
A gnoll comes into view. It is wielding a +0 flail of draining.
A gnoll comes into view. It is wielding a +0 flail.
A gnoll comes into view.
The gnoll shouts!
The gnoll closely misses you. The gnoll barely misses you.
You barely miss the gnoll.
The gnoll hits you from afar with a +0 spear.
You hit the gnoll.
The gnoll hits you from afar with a +0 spear.
The gnoll barely misses you.
You hit the gnoll. You headbutt the gnoll. You closely miss the gnoll.
The gnoll hits you with a +0 flail! The gnoll barely misses you.
The gnoll misses you.
You hit the gnoll but do no damage. You barely miss the gnoll.
The gnoll hits you from afar with a +0 spear!
* * * LOW HITPOINT WARNING * * *
The gnoll hits you with a +0 flail!
* * * LOW HITPOINT WARNING * * *
The gnoll hits you with a +0 flail of draining.
* * * LOW HITPOINT WARNING * * *
You feel drained.
You hit the gnoll.
The gnoll hits you with a +0 flail of draining!
* * * LOW HITPOINT WARNING * * *
You feel drained.
* * * LOW HITPOINT WARNING * * *
You hit the gnoll.
You kill the gnoll!
Trog accepts your kill.
You closely miss the gnoll. Your headbutt misses the gnoll. The gnoll hits you!
You die...

#.# #### ..#
#....#######g#
#.........gg.#
.^.####.######
#g# #g# #g#
##@# #..# #.##
###.###
##.....##
##.......##
#.........#
#.........#
#.........#


You could see 3 gnolls.

Vanquished Creatures
  A howler monkey (D:2)
  A gnoll (D:2)
  An adder (D:2)
  2 dart slugs (D:2)
  3 leopard geckos
  2 bats (D:1)
  3 giant cockroaches (D:2)
  3 hobgoblins (D:1)
  7 kobolds
  2 frilled lizards
  2 goblins
  3 rats (D:2)
30 creatures vanquished.

Notes
Turn   | Place    | Note
-------+----------+-------------------------------------------
     0 | D:1      | Notrik the Minotaur Berserker began the quest for the Orb.
     0 | D:1      | Reached XP level 1. HP: 19/19 MP: 0/0
   146 | D:1      | Reached skill level 4 in Fighting
   210 | D:1      | Reached XP level 2. HP: 23/28 MP: 1/1
   657 | D:2      | Reached skill level 5 in Fighting
   835 | D:2      | Noticed a howler monkey
   844 | D:2      | Killed a howler monkey
   844 | D:2      | Reached XP level 3. HP: 27/37 MP: 2/2
   848 | D:2      | Reached XP level 4. HP: 44/44 MP: 3/3
   849 | D:2      | Reached skill level 6 in Fighting
   869 | D:2      | Reached ** piety under Trog
  1000 | D:2      | HP: 2/44 [gnoll/+0 flail of draining (7)]
  1002 | D:2      | Mangled by a gnoll

Illustrated notes

Levels and vault maps discovered:
D:1:      saegor_arrival_simple_a, layout_rooms
D:2:      layout_rooms, gammafunk_temple_overflow_statue

Skill      XL: |  1  2  3  4 |
---------------+-------------+-----
Fighting       | 4 5 6 |  6.3
Axes           | |  3.6
Armour         | |  2.4
Dodging        | |  2.1

Action                   |  1- 3 |  4- 6 || total
-------------------------+-------+-------++-------
Melee: Hand axe          |    52 |    14 ||    66
       Headbutt          |     7 |     1 ||     8
Invok: Berserk           |     1 |       ||     1
Armor: Animal skin       |    14 |     1 ||    15
Dodge: Dodged            |    26 |     9 ||    35

Table legend: (Time is in decaauts)
 A = Elapsed time spent in this place.
 B = Non-inter-level travel time spent in this place.
 C = Inter-level travel time spent in this place.
 D = Time resting spent in this place.
 E = Time spent auto-exploring this place.
 F = Levels seen in this place.
 G = Mean time per level.
                   A        B        C        D        E       F      G
               +--------+--------+--------+--------+--------+-----+--------+
         Total |   1015 |    989 |     26 |     52 |    744 |   2 |  507.5 |
       Dungeon |   1015 |    989 |     26 |     52 |    744 |   2 |  507.5 |
               +--------+--------+--------+--------+--------+-----+--------+

Top non-repeatable levels by time:
     D:1: 529 daAuts
     D:2: 485 daAuts
